[Event "Titled Tuesday Blitz July 25 Late 2023"]
[White "Dimitrov, Atanas"]
[Black "Musovic, Armin"]
[WhiteFideId "2901315"]
[BlackFideId "939935"]
[WhiteElo "2684"]
[BlackElo "2551"]
[Result "1-0"]
[Round "10"]
[TimeControl "180+2"]
[Date "2023.07.25"]
[WhiteClock "0:00:14"]
[BlackClock "0:00:02"]
[Board "37"]

1. Nf3 Nf6 2. c4 c5 3. g3 Nc6 4. Bg2 g6 5. O-O Bg7 6. Nc3 O-O 7. d4 d5 8. cxd5 Nxd5 9. Nxd5 Qxd5 10. Be3 Qh5 11. dxc5 Bxb2 12. Rb1 Bf6 13. Qa4 Rd8 14. Rfd1 Rf8 15. Nd4 Nxd4 16. Bxd4 Qxe2 17. Bxf6 exf6 18. Bxb7 Bxb7 19. Rxb7 Rac8 20. Rc1 Rfd8 21. Qb3 Rf8 22. Rxa7 h5 23. h4 Rc6 24. Rb7 Qe4 25. a4 f5 26. a5 f4 27. Rb4 Qe5 28. Rxf4 Rxc5 29. Rxc5 Qxc5 30. Ra4 Qc1+ 31. Kh2 Ra8 32. a6 Qc5 33. Qf3 Ra7 34. Qe2 Kh7 35. Ra2 Qc6 36. Qd3 Qf6 37. Qe3 Re7 38. Qc5 Re5 39. Qd4 Rf5 40. Qxf6 Rxf6 41. a7 Rxf2+ 42. Rxf2 1-0


[Site "https://www.chess.com"]

[Event "Titled Tuesday Blitz July 25 Late 2023"]
[White "Voege, Tobias"]
[Black "Molenda, Marcin"]
[WhiteFideId "1270513"]
[BlackFideId "1173065"]
[WhiteElo "2645"]
[BlackElo "2539"]
[Result "1-0"]
[Round "10"]
[TimeControl "180+2"]
[Date "2023.07.25"]
[WhiteClock "0:01:48"]
[BlackClock "0:01:30"]
[Board "38"]

1. e4 e5 2. Nf3 Nc6 3. d4 exd4 4. Nxd4 Nf6 5. Nc3 Bb4 6. Nxc6 bxc6 7. Bd3 O-O 8. O-O d5 9. exd5 Bg4 10. Be2 Bxe2 11. Nxe2 cxd5 12. Bg5 c6 13. c4 h6 14. Bh4 Be7 15. cxd5 cxd5 16. Nd4 Rb8 17. Nc6 Qd6 18. Nxb8 Rxb8 19. Bg3 Qb6 20. Bxb8 Qxb8 21. Re1 Bd6 22. g3 Qxb2 23. Rb1 Qxa2 24. Ra1 Qb2 25. Rxa7 Bc5 26. Ra8+ Kh7 27. Re2 Qb7 28. Qd3+ Ne4 29. Raa2 f5 30. Kg2 Qf7 31. Ra5 Qc7 32. Qxd5 g6 33. Rxe4 fxe4 34. Rxc5 1-0


[Site "https://www.chess.com"]

[Event "Titled Tuesday Blitz July 25 Late 2023"]
[White "Ordekalog"]
[Black "Shuvalova, Polina"]
[BlackFideId "24171760"]
[WhiteElo "2538"]
[BlackElo "2641"]
[Result "0-1"]
[Round "10"]
[TimeControl "180+2"]
[Date "2023.07.25"]
[WhiteClock "0:00:00"]
[BlackClock "0:00:03"]
[Board "39"]

1. e4 c6 2. d4 d5 3. Nd2 dxe4 4. Nxe4 Nf6 5. Bd3 Qxd4 6. Nf3 Qd5 7. Qe2 Bg4 8. c4 Bxf3 9. Qxf3 Qd4 10. O-O Nbd7 11. Nxf6+ Qxf6 12. Qg3 e6 13. Bg5 Qe5 14. Bf4 Qf6 15. Bg5 Qd4 16. Rad1 Bd6 17. Qh3 Qe5 18. f4 Qc5+ 19. Kh1 h6 20. Bg6 Nf8 21. b4 Qxb4 22. f5 e5 23. f6 gxf6 24. Bxf7+ Kxf7 25. Rxf6+ Kg7 26. Rxh6 Ng6 27. Rf1 Raf8 28. Qd7+ Be7 29. Rxg6+ Kxg6 30. Rd1 Bxg5 31. h3 Bf6 32. Qg4+ Bg5 0-1


[Site "https://www.chess.com"]

[Event "Titled Tuesday Blitz July 25 Late 2023"]
[White "Rangel, Daniel"]
[Black "Haydon, David L"]
[WhiteFideId "2124475"]
[BlackFideId "415405"]
[WhiteElo "2465"]
[BlackElo "2637"]
[Result "1-0"]
[Round "10"]
[TimeControl "180+2"]
[Date "2023.07.25"]
[WhiteClock "0:00:35"]
[BlackClock "0:00:37"]
[Board "40"]

1. c4 c6 2. d4 d5 3. cxd5 cxd5 4. Nc3 Nf6 5. Bf4 a6 6. Nf3 Nc6 7. e3 e6 8. Bd3 Bd6 9. O-O Bxf4 10. exf4 O-O 11. Ne2 Bd7 12. Ng3 g6 13. Bc2 Qb6 14. Bb3 Na5 15. Ne5 Bb5 16. Re1 Nxb3 17. axb3 Rac8 18. h4 h5 19. Qd2 Kg7 20. f5 exf5 21. Qg5 Kh7 22. Nxg6 Rg8 23. Re7 Be8 24. Nf8+ Rxf8 25. Nxf5 1-0


[Site "https://www.chess.com"]

[Event "Titled Tuesday Blitz July 25 Late 2023"]
[White "ChessSG1"]
[Black "Tanaka, Taira Tyler"]
[BlackFideId "7002351"]
[WhiteElo "2447"]
[BlackElo "2631"]
[Result "0-1"]
[Round "10"]
[TimeControl "180+2"]
[Date "2023.07.25"]
[WhiteClock "0:00:00"]
[BlackClock "0:00:08"]
[Board "41"]

1. c4 g6 2. g3 Bg7 3. Bg2 d6 4. Nc3 Nf6 5. e4 O-O 6. Nge2 c5 7. d3 Nc6 8. O-O Ne8 9. Be3 Nd4 10. Rb1 Rb8 11. b4 b6 12. Qd2 Nc7 13. f4 Bg4 14. h3 Bxe2 15. Nxe2 Nxe2+ 16. Qxe2 Ne6 17. Qd2 Nd4 18. Kh2 e6 19. a3 Qc7 20. b5 Rbe8 21. a4 f5 22. Rbe1 e5 23. exf5 Nxf5 24. Bd5+ Kh8 25. Bc6 Re7 26. fxe5 Bxe5 27. Bf4 Qd8 28. g4 Nd4 29. Bxe5+ Rxe5 30. Rxf8+ Qxf8 31. Rxe5 dxe5 32. Qe3 Qf6 33. Bd5 Kg7 34. Kg3 h6 35. Qf2 Qxf2+ 36. Kxf2 Kf6 37. Ke3 Kg5 38. Bf3 Kh4 39. Bd1 Kxh3 40. Ke4 Kh4 41. Kxe5 h5 42. gxh5 gxh5 43. Kd6 Kg5 44. Bxh5 Kxh5 45. Kc7 Ne2 46. Kb7 Nc3 47. a5 bxa5 48. Kxa7 a4 49. b6 a3 50. b7 a2 51. b8=Q a1=Q+ 52. Kb7 Qb2+ 53. Kc8 Qxb8+ 54. Kxb8 Na2 55. Kc7 Nb4 56. Kb6 Nxd3 57. Kc6 Kg4 58. Kd5 Kf3 59. Kc6 Ke3 60. Kb5 Kd4 61. Kc6 Kxc4 0-1


[Site "https://www.chess.com"]

[Event "Titled Tuesday Blitz July 25 Late 2023"]
[White "Rios Escobar, Adan"]
[Black "Mekhitarian, Krikor Sevag"]
[WhiteFideId "3403645"]
[BlackFideId "2107660"]
[WhiteElo "2449"]
[BlackElo "2744"]
[Result "0-1"]
[Round "10"]
[TimeControl "180+2"]
[Date "2023.07.25"]
[WhiteClock "0:00:00"]
[BlackClock "0:00:04"]
[Board "42"]

1. d4 Nf6 2. g3 d5 3. Nf3 Bf5 4. c4 e6 5. Nc3 c6 6. Nh4 Be4 7. f3 Bg6 8. Qb3 Qc8 9. e4 Be7 10. Bg5 dxe4 11. Nxg6 hxg6 12. fxe4 e5 13. dxe5 Nfd7 14. Bxe7 Kxe7 15. Qa3+ Ke8 16. e6 Ne5 17. exf7+ Kxf7 18. O-O-O Nbd7 19. h4 Nf6 20. Bh3 Qc7 21. c5 Rhd8 22. Rd6 Rxd6 23. cxd6 Qb6 24. Qb3+ Qxb3 25. axb3 Rd8 26. Rd1 Ne8 27. Rf1+ Nf6 28. g4 Ke8 29. g5 Nh5 30. d7+ Ke7 31. Na4 b6 32. Nc3 Rh8 33. Ne2 Rd8 34. Nd4 Kd6 35. b4 Nxd7 36. Ne6 Re8 37. Rd1+ Ke7 38. Nc7 Rd8 39. Ne6 Rh8 40. Nxg7 Ne5 41. Ne6 Ng3 42. Nf4 Nxe4 0-1


[Site "https://www.chess.com"]

[Event "Titled Tuesday Blitz July 25 Late 2023"]
[White "Gulamali, Kazim"]
[Black "Bolourchifard, Farzad"]
[WhiteFideId "2024764"]
[BlackFideId "12510084"]
[WhiteElo "2526"]
[BlackElo "2734"]
[Result "0-1"]
[Round "10"]
[TimeControl "180+2"]
[Date "2023.07.25"]
[WhiteClock "0:00:00"]
[BlackClock "0:00:07"]
[Board "43"]

1. e4 e5 2. Nf3 Nc6 3. Bc4 Bc5 4. d3 Nf6 5. c3 d6 6. O-O a6 7. a4 h6 8. b4 Ba7 9. Na3 O-O 10. h3 Ne7 11. Re1 Ng6 12. Bb3 Nh5 13. d4 Qf6 14. Be3 Ngf4 15. Kh2 Qg6 16. Rg1 exd4 17. Nxd4 Ne6 18. Qf3 Nf6 19. Nf5 Ng5 20. Qf4 Kh7 21. Bxa7 Rxa7 22. f3 Nh5 23. Qd2 Qf6 24. Qd4 g6 25. Qxf6 Nxf6 26. Ne3 Kg7 27. Rad1 Ne6 28. g3 Re8 29. h4 Nf8 30. Rge1 N8d7 31. Kg2 Ne5 32. Kf2 Be6 33. Bxe6 fxe6 34. a5 Ned7 35. Kg2 Rf8 36. Nec4 Raa8 37. e5 Nd5 38. exd6 cxd6 39. Rxe6 N7f6 40. Rxd6 Rfd8 41. Rxd8 Rxd8 42. Nb6 Ne3+ 43. Kh2 Nxd1 0-1


[Site "https://www.chess.com"]

[Event "Titled Tuesday Blitz July 25 Late 2023"]
[White "Gasparyan, David"]
[Black "Schnaider, Ilan"]
[WhiteFideId "13311980"]
[BlackFideId "169013"]
[WhiteElo "2525"]
[BlackElo "2724"]
[Result "0-1"]
[Round "10"]
[TimeControl "180+2"]
[Date "2023.07.25"]
[WhiteClock "0:00:05"]
[BlackClock "0:00:04"]
[Board "44"]

1. Nf3 Nf6 2. d4 d5 3. e3 c6 4. Bd3 Bg4 5. c3 Nbd7 6. h3 Bh5 7. Qb3 Qc7 8. Nbd2 Bg6 9. c4 e6 10. O-O Be7 11. Re1 O-O 12. e4 dxe4 13. Nxe4 Nxe4 14. Bxe4 Rad8 15. Bxg6 hxg6 16. Be3 Bf6 17. Rad1 Nb6 18. Qc2 Rfe8 19. b3 a5 20. Qe4 Qe7 21. Bf4 a4 22. Re3 c5 23. Be5 cxd4 24. Rxd4 Rxd4 25. Nxd4 Nd7 26. Bxf6 Nxf6 27. Qf3 Rd8 28. Nb5 a3 29. Rd3 Rxd3 30. Qxd3 Qb4 31. Qc3 Qc5 32. b4 Qf5 33. Qxa3 Qc2 34. c5 Ne4 35. Qe3 Nd2 36. Qe1 Qxa2 37. Nd6 Qd5 38. Nxb7 Ne4 39. Na5 Ng5 40. Qc1 Ne4 41. c6 Qd4 42. Qe3 Qd1+ 43. Kh2 Qd6+ 44. g3 Nd2 45. Kg2 Qd5+ 46. f3 Qa2 47. Qe2 Qc2 48. c7 Kh7 49. c8=Q Qxc8 50. Qxd2 Qb8 51. h4 Qb5 52. Nb3 Qc4 53. Nd4 Qd5 54. Ne2 Qxd2 55. Kf2 Qxb4 56. Nf4 Qd2+ 57. Kg1 e5 58. Ng2 Qd1+ 59. Kh2 Qxf3 60. Kh3 Qf1 61. h5 Qh1+ 62. Kg4 Qxh5# 0-1


[Site "https://www.chess.com"]

[Event "Titled Tuesday Blitz July 25 Late 2023"]
[White "Korchmar, Vasiliy"]
[Black "Womacka, Mathias"]
[WhiteFideId "24131750"]
[BlackFideId "4611390"]
[WhiteElo "2686"]
[BlackElo "2522"]
[Result "0-1"]
[Round "10"]
[TimeControl "180+2"]
[Date "2023.07.25"]
[WhiteClock "0:00:59"]
[BlackClock "0:00:59"]
[Board "45"]

1. e4 c5 2. d4 cxd4 3. Qxd4 Nc6 4. Qd3 Nf6 5. Nc3 g6 6. Nf3 Bg7 7. Be2 O-O 8. O-O d6 9. Nd5 Nxd5 10. exd5 Bf5 11. Qd1 Ne5 12. Nd4 Be4 13. f3 Bxd5 14. c3 Rc8 15. Bg5 Nc4 16. Nf5 gxf5 17. Qxd5 e6 18. Qd1 Qxg5 19. Bxc4 Rxc4 20. Qxd6 Rd8 21. Qa3 Rd2 22. Rf2 Qe3 23. Rf1 Rc8 24. Qe7 Rcd8 25. g3 Bf8 26. Qf6 Rxf2 27. Rxf2 Rd2 0-1


[Site "https://www.chess.com"]

[Event "Titled Tuesday Blitz July 25 Late 2023"]
[White "Terletsky, Oleg"]
[Black "Bjelobrk, Igor"]
[WhiteFideId "14116774"]
[BlackFideId "4300726"]
[WhiteElo "2518"]
[BlackElo "2660"]
[Result "1/2-1/2"]
[Round "10"]
[TimeControl "180+2"]
[Date "2023.07.25"]
[WhiteClock "0:00:08"]
[BlackClock "0:00:17"]
[Board "46"]

1. e4 e6 2. d4 d5 3. Nd2 c5 4. Ngf3 Nc6 5. exd5 exd5 6. Bb5 cxd4 7. O-O Bd6 8. Nb3 Ne7 9. Nbxd4 O-O 10. Bd3 Ng6 11. h3 Nxd4 12. Nxd4 Qf6 13. c3 Nf4 14. Bxf4 Qxf4 15. g3 Qf6 16. Qh5 g6 17. Qxd5 Bxh3 18. Rfe1 Rad8 19. Qe4 Bc5 20. Rad1 Bxd4 21. cxd4 Rxd4 22. Qxb7 Rfd8 23. Be2 R8d7 24. Qf3 Rxd1 25. Rxd1 Rxd1+ 26. Bxd1 Qxf3 27. Bxf3 Be6 28. a3 f5 29. Be2 Kf7 30. f4 h6 31. Kf2 g5 32. Ke3 Ke7 33. fxg5 hxg5 34. Kd4 Kd6 35. b4 Bd7 36. Bf3 Be6 37. a4 Bd7 38. b5 Be8 39. Be2 Bd7 40. a5 Be8 41. Bd3 Bd7 42. b6 axb6 43. axb6 Bc8 44. Ke3 Ke5 45. Be2 Bb7 46. Bf3 f4+ 47. gxf4+ gxf4+ 48. Kf2 Ba6 49. Be2 Bb7 50. Bf3 Ba6 51. Be2 Bb7 52. Bf3 1/2-1/2


[Site "https://www.chess.com"]

[Event "Titled Tuesday Blitz July 25 Late 2023"]
[White "only_strong_moves"]
[Black "brm72"]
[WhiteElo "2500"]
[BlackElo "2646"]
[Result "0-1"]
[Round "10"]
[TimeControl "180+2"]
[Date "2023.07.25"]
[WhiteClock "0:00:17"]
[BlackClock "0:00:06"]
[Board "47"]

1. d4 Nf6 2. Nc3 d5 3. Bf4 c5 4. e4 Nxe4 5. Nxe4 dxe4 6. dxc5 Qa5+ 7. Qd2 Qxc5 8. Ne2 Nc6 9. Nc3 Bf5 10. Nb5 Rc8 11. Nc7+ Rxc7 12. Bxc7 g6 13. O-O-O f6 14. Bf4 Kf7 15. Be3 Qe5 16. Bc4+ Be6 17. Bf4 Qf5 18. Bxe6+ Qxe6 19. Qd5 f5 20. f3 exf3 21. Qxe6+ Kxe6 22. gxf3 Bg7 23. Rhe1+ Kf7 24. Rd7 Rc8 25. Bg5 Bf6 26. Bxf6 Kxf6 27. f4 h6 28. h4 b6 29. Rd2 g5 30. hxg5+ hxg5 31. fxg5+ Kxg5 32. Rg2+ Kf6 33. Rh1 f4 34. Rh6+ Kf5 35. Rh5+ Ke4 36. Re2+ Kf3 37. Rd2 e5 38. Rh3+ Kg4 39. Rh1 e4 40. Rg2+ Kf3 41. Rgg1 e3 42. c3 Nd4 43. Kd1 Nf5 44. Rf1+ Ke4 45. Rh4 Nxh4 46. Rh1 Nf5 47. Rh7 Rd8+ 48. Ke1 Rd2 49. b3 Rxa2 50. Rf7 Ng3 51. Rf6 Kf3 52. Re6 Ra1# 0-1


[Site "https://www.chess.com"]

[Event "Titled Tuesday Blitz July 25 Late 2023"]
[White "Pinero Rodriguez, Carlos Jose"]
[Black "Kozusek, Daniel"]
[WhiteFideId "3901726"]
[BlackFideId "349500"]
[WhiteElo "2637"]
[BlackElo "2487"]
[Result "1/2-1/2"]
[Round "10"]
[TimeControl "180+2"]
[Date "2023.07.25"]
[WhiteClock "0:00:50"]
[BlackClock "0:00:42"]
[Board "48"]

1. b3 Nf6 2. Bb2 g6 3. Bxf6 exf6 4. d4 Bg7 5. e3 O-O 6. g3 f5 7. h4 h5 8. Bg2 d5 9. Ne2 c6 10. O-O Nd7 11. c4 Nf6 12. cxd5 Nxd5 13. Nbc3 Be6 14. Nxd5 Bxd5 15. Bxd5 Qxd5 16. Nf4 Qd6 17. Rc1 Rad8 18. Qf3 Rfe8 19. Rc2 a5 20. a4 Qb4 21. Rb1 Qd6 22. Qd1 Bf8 23. Qf1 Qc7 24. Qc4 Kg7 25. d5 Rc8 26. dxc6 Qxc6 27. Qxc6 Rxc6 28. Rxc6 bxc6 29. Rc1 Rb8 30. Rxc6 Rxb3 31. Rc7 Kg8 32. Ra7 Bb4 33. Nd5 Ra3 34. Nb6 Bc5 35. Ra8+ Kg7 36. Nd7 Bb4 37. Ra7 Bc3 38. Rc7 Bf6 39. Rc4 Be7 40. Ne5 Bf6 41. Nc6 Bc3 42. Kg2 Bb4 43. Kf3 Rxa4 44. Nxa5 Rxa5 45. Rxb4 Ra7 46. Rb6 Re7 47. Kf4 Re4+ 48. Kf3 Re7 49. Rc6 Rd7 50. Kf4 Re7 51. f3 Ra7 52. e4 fxe4 53. fxe4 Ra1 54. Rc7 Kf6 55. e5+ Ke6 56. Rc6+ Ke7 57. Rb6 Ra4+ 58. Kf3 Rg4 59. Ra6 Rb4 60. Rc6 Ra4 61. Rb6 Ra1 62. Kf4 Rf1+ 63. Ke4 Kf8 64. Rb7 Ke8 65. Rb6 Ke7 66. Ra6 Re1+ 67. Kf4 Rf1+ 68. Ke4 Rb1 69. Ra7+ Kf8 70. Kf4 Rb4+ 71. Kf3 Rb6 72. Kf4 Re6 73. Rb7 Re7 74. Rb6 Rc7 75. Rd6 Ke7 76. Ra6 Rc4+ 77. Kf3 Rd4 78. Ke3 Rb4 79. Kf3 Rb5 80. Kf4 Rb4+ 81. Kf3 Rb3+ 82. Kf4 Rb4+ 83. Kf3 1/2-1/2


[Site "https://www.chess.com"]

[Event "Titled Tuesday Blitz July 25 Late 2023"]
[White "slidingknight2775"]
[Black "Ponizil, Cyril"]
[BlackFideId "322202"]
[WhiteElo "2484"]
[BlackElo "2623"]
[Result "0-1"]
[Round "10"]
[TimeControl "180+2"]
[Date "2023.07.25"]
[WhiteClock "0:00:05"]
[BlackClock "0:01:30"]
[Board "49"]

1. Nf3 Nf6 2. g3 d5 3. Bg2 Bg4 4. c4 dxc4 5. Ne5 c6 6. Nxg4 Nxg4 7. Na3 e6 8. Nxc4 Qd4 9. Ne3 Nxe3 10. fxe3 Qf6 11. Bf3 h5 12. O-O Qg5 13. Qb3 b6 14. d4 Bd6 15. e4 Qd8 16. e5 Be7 17. Be3 h4 18. Rac1 O-O 19. Bxc6 Nxc6 20. Rxc6 hxg3 21. hxg3 Qd7 22. Rfc1 Bc5 23. dxc5 Qxc6 24. cxb6 Qe4 25. bxa7 Qxe5 26. Bf2 Qxe2 27. Qc2 Qe5 28. Qc3 Qd5 29. Qc4 Qb7 30. Qc3 Rfc8 31. Qd2 Rd8 32. Qe3 Qxb2 33. Re1 Qxa2 34. Qf3 Rxa7 35. Bxa7 Qxa7+ 36. Kg2 Qa8 37. Rf1 Rd2+ 38. Kh3 Qxf3 39. Rxf3 g6 40. Ra3 Kg7 41. g4 g5 42. Ra5 Rd3+ 43. Kg2 Kg6 44. Ra6 Re3 45. Kf2 Re4 46. Kf3 Rf4+ 47. Kg3 Kg7 48. Ra7 Kg6 49. Ra6 Rd4 50. Kf3 Rd3+ 51. Kf2 Rc3 52. Rb6 Kf6 53. Rb7 Rc4 54. Kf3 Rf4+ 55. Kg3 e5 56. Rb6+ Kg7 57. Rb7 Kg6 58. Rb6+ f6 59. Ra6 Rd4 60. Rb6 Rd3+ 61. Kg2 Kf7 62. Rb7+ Ke6 63. Rb6+ Ke7 64. Rb7+ Ke6 65. Rb6+ Rd6 66. Rb7 e4 67. Kf2 Ke5 68. Ke3 Rd3+ 69. Ke2 Kf4 70. Rb6 Re3+ 71. Kf2 Rf3+ 72. Ke2 Kxg4 73. Re6 f5 74. Re8 Rh3 75. Rh8 Rxh8 0-1


[Site "https://www.chess.com"]

[Event "Titled Tuesday Blitz July 25 Late 2023"]
[White "marik_spb"]
[Black "Barria Santos, Jose Guilherme"]
[BlackFideId "1939300"]
[WhiteElo "2473"]
[BlackElo "2606"]
[Result "1-0"]
[Round "10"]
[TimeControl "180+2"]
[Date "2023.07.25"]
[WhiteClock "0:00:12"]
[BlackClock "0:01:21"]
[Board "50"]

1. d4 Nf6 2. c4 g6 3. Nf3 Bg7 4. Nc3 O-O 5. e4 d6 6. Be2 e5 7. O-O exd4 8. Nxd4 Re8 9. f3 c6 10. Bf4 Nh5 11. Be3 a5 12. a3 Na6 13. Qd2 Nc5 14. Bd1 Ne6 15. Nxe6 Bxe6 16. Be2 a4 17. Bd4 Nf6 18. Rfd1 Qc7 19. Rab1 Nd7 20. Bxg7 Kxg7 21. Qxd6 Qb6+ 22. Qd4+ Qxd4+ 23. Rxd4 Nc5 24. Rbd1 Kf6 25. Kf2 Ke7 26. h4 h5 27. Ke3 Nb3 28. Rd6 Rad8 29. Rxd8 Rxd8 30. Rxd8 Kxd8 31. Nxa4 Kc7 32. g4 hxg4 33. fxg4 Kd6 34. Kf4 f6 35. Bd3 Bf7 36. g5 fxg5+ 37. hxg5 Nd4 38. e5+ Ke7 39. Nc5 b6 40. Ne4 Ne6+ 41. Ke3 Be8 42. b4 Nc7 43. Nd6 Bf7 44. Nc8+ Ke6 45. Nxb6 Kxe5 46. a4 Na6 47. b5 Nc5 48. a5 Kd6 49. a6 cxb5 50. cxb5 1-0


[Site "https://www.chess.com"]

[Event "Titled Tuesday Blitz July 25 Late 2023"]
[White "Salik, Serkan"]
[Black "Kirillov, Dmitry"]
[WhiteFideId "30952492"]
[BlackFideId "34180572"]
[WhiteElo "2602"]
[BlackElo "2467"]
[Result "1-0"]
[Round "10"]
[TimeControl "180+2"]
[Date "2023.07.25"]
[WhiteClock "0:02:10"]
[BlackClock "0:02:13"]
[Board "51"]

1. d4 Nf6 2. c4 e6 3. Nf3 d5 4. Nc3 c5 5. cxd5 Nxd5 6. e4 Nxc3 7. bxc3 cxd4 8. cxd4 Bb4+ 9. Bd2 Bxd2+ 10. Qxd2 O-O 11. Bc4 b6 12. O-O Bb7 13. Rfe1 Nd7 14. Rad1 Nf6 15. d5 Rc8 16. dxe6 Qxd2 17. Nxd2 Nxe4 18. Nxe4 Rxc4 19. Nd6 Rc7 20. e7 1-0


[Site "https://www.chess.com"]

[Event "Titled Tuesday Blitz July 25 Late 2023"]
[White "Toncheva, Nadya"]
[Black "Piesik, Piotr"]
[WhiteFideId "2924056"]
[BlackFideId "1136194"]
[WhiteElo "2472"]
[BlackElo "2602"]
[Result "1/2-1/2"]
[Round "10"]
[TimeControl "180+2"]
[Date "2023.07.25"]
[WhiteClock "0:00:09"]
[BlackClock "0:00:36"]
[Board "52"]

1. e4 g6 2. d4 Bg7 3. Nf3 c6 4. Nc3 d6 5. Be3 Nf6 6. Qd2 O-O 7. O-O-O b5 8. Bd3 b4 9. Ne2 a5 10. Bh6 Ba6 11. h4 Bxh6 12. Qxh6 Ng4 13. Qg5 h5 14. Rhf1 e5 15. dxe5 Qxg5+ 16. hxg5 Nxe5 17. Bxa6 Rxa6 18. Rxd6 Nxf3 19. gxf3 c5 20. Rfd1 Rxd6 21. Rxd6 Rc8 22. f4 Kf8 23. f5 Ke7 24. Rd5 Nd7 25. Nf4 Nb6 26. Rd2 Rg8 27. f6+ Ke8 28. Rd6 Nc8 29. Rd5 h4 30. Rd3 Rh8 31. Rh3 Nd6 32. f3 Nc4 33. Ng2 Rh5 34. f4 Nd6 35. Kd1 Nxe4 36. Rxh4 Rxh4 37. Nxh4 Kd7 38. Ke2 Ke6 39. Ke3 Nd6 40. b3 Nb5 41. Kd3 Nc3 42. a4 Nd5 43. Kc4 Nxf4 44. Kxc5 Nh3 45. Nf3 Kf5 46. Kd6 Nxg5 47. Nxg5 Kxf6 48. Ne4+ Kf5 49. Kd5 Kf4 50. c3 bxc3 51. Nxc3 g5 52. Kd4 g4 53. Ne4 g3 54. Nxg3 Kxg3 55. Ke5 Kf3 56. Kf6 Ke4 57. Kxf7 Kd4 58. Ke6 Kc3 59. Kd5 Kxb3 60. Kd4 Kxa4 61. Kc3 Ka3 62. Kc2 a4 63. Kb1 Kb3 64. Ka1 a3 65. Kb1 1/2-1/2


[Site "https://www.chess.com"]

[Event "Titled Tuesday Blitz July 25 Late 2023"]
[White "Sivakumar, Shaashwath"]
[Black "Bettalli, Francesco"]
[WhiteFideId "30912156"]
[BlackFideId "2816453"]
[WhiteElo "2601"]
[BlackElo "2452"]
[Result "0-1"]
[Round "10"]
[TimeControl "180+2"]
[Date "2023.07.25"]
[WhiteClock "0:01:48"]
[BlackClock "0:02:36"]
[Board "53"]

1. d4 Nf6 2. c4 c5 3. d5 a6 4. Nc3 b5 5. cxb5 axb5 6. Nxb5 Qa5+ 7. Nc3 g6 8. Bd2 Bg7 9. e4 O-O 10. Nf3 Ba6 11. Be2 Bxe2 12. Qxe2 Qa6 13. Qxa6 Nxa6 14. h3 Rfb8 15. Rb1 Nb4 16. a4 Nd3+ 17. Ke2 Nxb2 18. Bf4 d6 19. e5 Ne8 20. exd6 exd6 21. Nb5 Rxa4 22. Nxd6 Rxf4 23. Nxe8 Rxe8+ 24. Kd2 Nc4+ 0-1


[Site "https://www.chess.com"]

[Event "Titled Tuesday Blitz July 25 Late 2023"]
[White "Ismayil, Malak"]
[Black "Hajiyev, Kanan"]
[WhiteFideId "13412604"]
[BlackFideId "13404148"]
[WhiteElo "2462"]
[BlackElo "2579"]
[Result "1/2-1/2"]
[Round "10"]
[TimeControl "180+2"]
[Date "2023.07.25"]
[WhiteClock "0:00:58"]
[BlackClock "0:01:34"]
[Board "54"]

1. e4 c6 2. d4 d5 3. Nc3 a6 4. Nf3 Bg4 5. Be2 e6 6. O-O Nf6 7. h3 Bh5 8. exd5 cxd5 9. Bg5 Nc6 10. Ne5 Bxe2 11. Nxe2 Be7 12. Nd3 O-O 13. c3 Ne4 14. Bxe7 Qxe7 15. f3 Nd6 16. Qe1 Nc4 17. Qg3 Ne3 18. Rfc1 Rfc8 19. f4 Nf5 20. Qf2 Nd6 21. Ng3 f5 22. Re1 Ne4 23. Qe3 Rf8 24. Rf1 Qh4 25. Nxe4 fxe4 26. Ne5 Nxe5 27. fxe5 h6 28. Rae1 Rxf1+ 29. Rxf1 Rf8 30. Rxf8+ Kxf8 31. Kf1 g5 32. Ke2 Qf4 33. g3 Qxe3+ 34. Kxe3 h5 35. c4 Ke7 36. cxd5 exd5 37. g4 h4 38. Kd2 Kd7 39. Kc3 Kc6 40. b3 a5 41. a4 b5 42. Kd2 bxa4 43. bxa4 Kd7 44. Ke2 Ke7 45. Kd2 Ke6 46. Ke2 Ke7 47. Kd2 Ke6 48. Ke2 Ke7 1/2-1/2


[Site "https://www.chess.com"]

[Event "Titled Tuesday Blitz July 25 Late 2023"]
[White "Mickiewicz, Piotr"]
[Black "Sivakumar, Shaaketh"]
[WhiteFideId "1114891"]
[BlackFideId "30940176"]
[WhiteElo "2448"]
[BlackElo "2570"]
[Result "1-0"]
[Round "10"]
[TimeControl "180+2"]
[Date "2023.07.25"]
[WhiteClock "0:00:18"]
[BlackClock "0:01:04"]
[Board "55"]

1. Nf3 e6 2. g3 b5 3. Bg2 Bb7 4. O-O Nf6 5. a4 b4 6. d3 a5 7. e4 g6 8. e5 Nd5 9. Re1 h6 10. h4 Bg7 11. d4 c5 12. dxc5 O-O 13. Nbd2 Na6 14. Ne4 Qc7 15. h5 Nxc5 16. Nd6 Ba6 17. Nd4 g5 18. f4 gxf4 19. gxf4 f6 20. Bxd5 exd5 21. N4f5 Bb7 22. Qg4 Ne6 23. exf6 Rxf6 24. Nxg7 Nxg7 25. Re7 Qc5+ 26. Be3 Qxe3+ 27. Rxe3 Kf8 28. Nxb7 d4 29. Re4 Nf5 30. Rae1 Rc8 31. Re5 Ne3 32. R1xe3 dxe3 33. Nc5 Rd6 34. Nxd7+ Kf7 35. Qf5+ Kg8 36. Re7 Kh8 37. Qh7# 1-0


[Site "https://www.chess.com"]

[Event "Titled Tuesday Blitz July 25 Late 2023"]
[White "ElDivis"]
[Black "Rakitic2010"]
[WhiteElo "2538"]
[BlackElo "2430"]
[Result "1-0"]
[Round "10"]
[TimeControl "180+2"]
[Date "2023.07.25"]
[WhiteClock "0:00:05"]
[BlackClock "0:00:00"]
[Board "56"]

1. Nf3 Nf6 2. c4 e6 3. Nc3 d5 4. e3 c6 5. b3 Be7 6. Bb2 O-O 7. Qc2 a5 8. Rg1 Na6 9. a3 c5 10. g4 d4 11. Nb5 b6 12. g5 Nh5 13. Bd3 g6 14. Be4 Rb8 15. exd4 Bb7 16. Bxb7 Rxb7 17. Qc3 Nf4 18. Rg4 cxd4 19. Nbxd4 e5 20. Nc6 Qd3 21. Qxe5 Bf6 22. gxf6 Qxf3 23. Rxf4 Qxc6 24. O-O-O Nc5 25. Qc3 a4 26. bxa4 Nxa4 27. Qb4 b5 28. d3 bxc4 29. Rxc4 Rxb4 30. Rxc6 Rxb2 31. Rc4 Rxf2 32. Rxa4 Rxf6 33. Rc4 Ra8 34. Kb2 Rf2+ 35. Kb3 Rxh2 36. a4 Rh5 37. d4 Rb8+ 38. Rb4 Rh3+ 39. Kc4 Rc8+ 40. Kd5 Rh5+ 41. Kd6 Rf5 42. d5 Kf8 43. Kd7 Ra8 44. d6 Rc5 45. Rb7 Rcc8 46. Rc7 Rd8+ 47. Kc6 Rxa4 48. d7 Rc4+ 49. Kd6 Re4 50. Rc8 Re6+ 51. Kc7 Ke7 52. Rxd8 Kf6 53. Re8 Ra6 54. d8=Q+ Kf5 55. Qd5+ Kg4 56. Rg1+ Kh4 57. Re4+ 1-0


[Site "https://www.chess.com"]

[Event "Titled Tuesday Blitz July 25 Late 2023"]
[White "kripri"]
[Black "Deng, Henry"]
[BlackFideId "30965454"]
[WhiteElo "2375"]
[BlackElo "2535"]
[Result "0-1"]
[Round "10"]
[TimeControl "180+2"]
[Date "2023.07.25"]
[WhiteClock "0:00:08"]
[BlackClock "0:01:00"]
[Board "57"]

1. e4 c5 2. Nf3 e6 3. d4 cxd4 4. Nxd4 Nf6 5. Nc3 Nc6 6. Be3 Bb4 7. Bd3 d5 8. O-O Bxc3 9. bxc3 dxe4 10. Bb5 Bd7 11. Nb3 O-O 12. Qe2 a6 13. Bxc6 Bxc6 14. Rfd1 Qc7 15. Nd4 Bd5 16. Qd2 Rac8 17. Ne2 Rfd8 18. Qe1 Bc4 19. Nd4 Ng4 20. g3 Bd5 21. Bd2 Ne5 22. Bf4 f6 23. Bxe5 Qxe5 24. Ne2 Bc4 25. Nd4 Bd5 26. Qe3 Rc4 27. Rd2 Rdc8 28. Ne2 Qc7 29. Rad1 Rc6 30. Qd4 Rc4 31. Qe3 Qc5 32. Rd4 Rc7 33. Rxc4 Qxe3 34. fxe3 Rxc4 35. Rd4 Rxd4 36. cxd4 Bxa2 37. Nc3 Bd5 38. Kf2 b5 39. Ke1 b4 40. Na4 Kf7 41. Kd2 Ke7 42. Nc5 a5 43. c3 Kd6 44. cxb4 axb4 45. Kc1 Bc4 46. Kb2 Kd5 47. Nd7 Bb5 48. Nf8 Be8 49. Nxh7 Bg6 50. Nf8 Bf5 51. Nd7 Kc4 52. Kc2 b3+ 53. Kb2 Kd3 54. Nc5+ Kxe3 55. Nxb3 Kf2 56. Kc3 e3 57. Nc1 e2 58. Nxe2 Kxe2 59. h4 Kf3 60. Kc4 Kxg3 61. Kc5 Be4 62. Kd6 Bd5 63. Ke7 Kxh4 64. Kf7 g5 65. Kxf6 g4 66. Ke5 g3 67. Kd6 g2 68. Ke5 g1=Q 69. Kd6 Qg3+ 70. Ke7 Qc7+ 71. Ke8 Kg5 72. Kf8 Kf6 0-1


[Site "https://www.chess.com"]